 Dungeon Crawl Stone Soup version 0.21-a0-125-gb006224 (webtiles) character file.

73 Llamatron the Insei (level 3, -2/27 HPs)
             Began as a Demigod Transmuter on July 14, 2017.
             Slain by an orc priest (4 damage)
             ... on level 3 of the Dungeon.
             The game lasted 00:06:42 (3534 turns).

Llamatron the Insei (Demigod Transmuter)            Turns: 3534, Time: 00:06:43

Health: -2/27      AC:  2    Str: 13    XL:     3   Next: 83%
Magic:  15/17      EV: 13    Int: 17    God:
Gold:   75         SH:  0    Dex: 18    Spells: 2/5 levels left

rFire    . . .     SeeInvis .     - Unarmed
rCold    . . .     Gourm    .   (no shield)
rNeg     . . .     Faith    .   b - +0 robe
rPois    .         Spirit   .   (no helmet)
rElec    .         Reflect  .   (no cloak)
rCorr    .         Harm     .   (no gloves)
MR       .....                  (no boots)
Stlth    ++........             (no amulet)
HPRegen  0.09/turn              i - ring of magical power
MPRegen  0.15/turn              (no ring)

@: no status effects
A: high mp 1
a: no special abilities


You were on level 3 of the Dungeon.
You were hungry.

You visited 1 branch of the dungeon, and saw 3 of its levels.

You collected 75 gold pieces.

Inventory:

Missiles
 a - 89 arrows
 g - 50 stones (quivered)
Armour
 b - a +0 robe (worn)
Jewellery
 i - a ring of magical power (left hand)
 l - an uncursed ring of ice
Scrolls
 h - a scroll of identify
 j - a scroll of enchant weapon {unknown}
 m - 2 scrolls of fog {unknown}
 o - a scroll of teleportation {unknown}
 p - 2 scrolls of remove curse {unknown}
Potions
 e - a potion of mutation
 f - 2 potions of flight
 k - a potion of degeneration
 n - 4 potions of curing
 q - a potion of agility
 s - 2 potions of might {unknown}
 t - 2 potions of haste {unknown}
 v - a potion of heal wounds {unknown}
Books
 c - a book of Changes

   Spells                             Type                      Level
   a - Beastly Appendage              Transmutation                1
   b - Sticks to Snakes               Transmutation                2
   c - Spider Form                    Transmutation/Poison         3
   d - Ice Form                       Ice/Transmutation            4
   e - Blade Hands                    Transmutation                5
Comestibles
 d - 3 bread rations
 r - a fruit
 u - 2 chunks of flesh


   Skills:
 - Level 0.8 Fighting
 - Level 2.0 Dodging
 - Level 0.2 Stealth
 + Level 3.7 Unarmed Combat
 - Level 1.7 Spellcasting
 + Level 2.7 Transmutations


You had 2 spell levels left.
You knew the following spells:

 Your Spells              Type           Power        Failure   Level  Hunger
a - Beastly Appendage     Tmut           ##....       6%          1    #......
b - Sticks to Snakes      Tmut           ##......     10%         2    ###....


Dungeon Overview and Level Annotations

Branches:
Dungeon (3/15)


Innate Abilities, Weirdness & Mutations

You have an increased reservoir of magic. (+10% MP)


Message History

You hit the orc.
The orc is severely wounded.
The orc hits you with a dagger.
The orc priest invokes the aid of Beogh against you.
Beogh smites you!
* * * LOW HITPOINT WARNING * * *
The orc hits you with a hand axe.
* * * LOW HITPOINT WARNING * * *
Your ball python closely misses the goblin.
Your ball python barely misses the goblin.
The goblin completely misses you. The orc barely misses your ball python.
The orc hits your ball python with a flail.
Your ball python dies!
Unknown command.
You hit the orc.
You kill the orc!
The orc hits you with a dagger.
* * * LOW HITPOINT WARNING * * *
The orc priest hits you.
You die...

#.....## #......##
#......###......#
#....#........###
#....#..).....#
#....##.)รท....#
###.............#
#......o.#+####.....
#.o)#....# ......
#.o@#....# ......
#..g#....# ...###
#...#...$# ..#
#ooo#$...#
#...###### ....#
.....# ....###


You could see an orc priest, 4 orcs and a goblin.

Vanquished Creatures
  An adder (D:2)
  2 dart slugs (D:1)
  4 leopard geckos
  5 orcs (D:3)
  A giant cockroach (D:1)
  7 goblins
  6 hobgoblins
  2 quokkas
  4 bats
  2 frilled lizards (D:1)
  7 kobolds
  12 rats
53 creatures vanquished.

Notes
Turn   | Place    | Note
-------+----------+-------------------------------------------
     0 | D:1      | Llamatron the Demigod Transmuter began the quest for the Orb.
     0 | D:1      | Reached XP level 1. HP: 15/15 MP: 5/5
   427 | D:1      | Reached XP level 2. HP: 12/22 MP: 5/7
   434 | D:1      | Reached skill level 3 in Unarmed Combat
  1590 | D:1      | Learned a level 2 spell: Sticks to Snakes
  2181 | D:2      | Reached XP level 3. HP: 22/27 MP: 8/8
  2255 | D:2      | Found a bloodstained altar of Trog.
  3534 | D:3      | Slain by an orc priest

Vault maps used:
D:1:      dpeg_arrival_rooms_a, serial_bayou_pond_b, st_stairs_6
D:2:      bloody_trog, first_bread
D:3:      uniq_ijyb

Skill      XL: |  1  2 |
---------------+-------+-----
Transmutations | 2 |  2.7
Dodging        | 2 |  2.0
Unarmed Combat | 3 |  3.7
Fighting       | |  0.8
Stealth        | |  0.2
Spellcasting   | |  1.7

Action                   || total
-------------------------++-------
Melee: Unarmed           ||   148
       Headbutt          ||    11
       Kick              ||    16
       Punch             ||     1
Throw: Stone             ||     2
 Cast: Beastly Appendage ||    22
       Sticks to Snakes  ||     1
  Use: Scroll            ||     5
 Stab: Sleeping          ||     1
  Eat: Chunk             ||     8
Armor: Robe              ||    25
Dodge: Dodged            ||   106
